 Dungeon Crawl Stone Soup version 0.30.0-10-gfe55d96785 (webtiles) character file.

Game seed: 6736998955451015928

10995 greasedhog the Skirmisher (level 12, -2/81 HPs)
             Began as a Formicid Hunter on May 15, 2023.
             Was an Elder of Hepliaklqana.
             Slain by a catoblepas (7 damage)
             ... while petrified by a catoblepas
             ... on level 1 of the Lair of Beasts.
             The game lasted 00:18:59 (10704 turns).

greasedhog the Skirmisher (Formicid Hunter)        Turns: 10704, Time: 00:18:59

Health: -2/81      AC:  7    Str: 19    XL:     12   Next: 2%
Magic:  0/12       EV:  2    Int:  9    God:    Hepliaklqana [****..]
Gold:   633        SH:  0    Dex: 21    Spells: 11/11 levels left

rFire   . . .        k - +1 sling "Qiudwuef" {flame, Will+ Str+4 Int-2}
rCold   . . .        x - +0 buckler
rNeg    + + +        J - +0 steam dragon scales
rPois   ∞            (helmet unavailable)
rElec   .            (no cloak)
rCorr   .            a - +0 pair of gloves
SInv    +            H - +0 pair of boots
Will    ++...        D - amulet of guardian spirit
Stlth   ++           y - +5 ring of evasion
HPRegen 0.33/turn    G - ring of poison resistance
MPRegen 0.13/turn

%: guardian spirit
@: petrified
A: reduced essence, permanent stasis, dig shafts and tunnels, antennae 3, four
strong arms
a: Dig, Shaft Self, Renounce Religion, Recall Ancestor, Ancestor Identity,
Transference, Idealise


You were on level 1 of the Lair of Beasts.
You worshipped Hepliaklqana.
Hepliaklqana was greatly pleased with you.
You visited 3 branches of the dungeon, and saw 12 of its levels.
You also visited: Sewer.

You collected 633 gold pieces.

Inventory:

Hand Weapons
 k - the +1 sling "Qiudwuef" (weapon) {flame, Will+ Str+4 Int-2}
   (You acquired it on level 6 of the Dungeon)

   Str:       It affects your strength (+4).
   Int:       It affects your intelligence (-2).
   Will:      It increases your willpower.
Missiles
 E - a throwing net
Armour
 a - a +0 pair of gloves (worn)
 x - a +0 buckler (worn)
 H - a +0 pair of boots (worn)
 J - +0 steam dragon scales (worn)
Jewellery
 v - a ring of ice
 y - a +5 ring of evasion (left hand)
 D - an amulet of guardian spirit (around neck)
 G - a ring of poison resistance (right hand)
 I - a ring of willpower
Wands
 n - a wand of iceblast (6)
Scrolls
 b - a scroll of immolation
 e - 3 scrolls of magic mapping
 g - 5 scrolls of enchant armour
 l - a scroll of torment
 o - 3 scrolls of butterflies
 q - 3 scrolls of fog
 t - 2 scrolls of poison
 u - 3 scrolls of teleportation {unknown}
 w - 2 scrolls of enchant weapon {unknown}
 B - 2 scrolls of brand weapon {unknown}
 F - a scroll of silence {unknown}
Potions
 d - 3 potions of lignification
 f - 2 potions of ambrosia
 h - 3 potions of curing
 i - 4 potions of flight
 j - 2 potions of heal wounds
 m - a potion of invisibility
 r - a potion of mutation
 s - a potion of might {unknown}
 z - a potion of attraction {unknown}
 A - 2 potions of berserk rage {unknown}
 C - 2 potions of cancellation {unknown}


   Skills:
 * Level 7.3 Fighting
 - Level 14.9 Ranged Weapons
 + Level 8.4 Dodging
 - Level 1.2 Stealth


You had 11 spell levels left.
You didn't know any spells.
Your spell library contained the following spells:

 Spells                   Type           Power      Damage    Failure   Level
 Freeze                   Ice            0%         1d3       45%         1
 Sting                    Tmut/Pois      0%         1d3       45%         1
 Poisonous Vapours        Pois/Air       0%         N/A       61%         2
 Frozen Ramparts          Ice            0%         1d1       83%         3
 Hailstorm                Conj/Ice       0%         3d3       83%         3
 Olgreb's Toxic Radiance  Pois           0%         N/A       99%         4
 Petrify                  Tmut/Erth      0%         N/A       99%         4
 Metabolic Englaciation   Hex/Ice        0%         N/A       100%        5
 Statue Form              Tmut/Erth      0%         N/A       100%        6


Dungeon Overview and Level Annotations

Branches:
Dungeon (10/15)            Temple (1/1) D:4            Lair (1/5) D:8
  Sewer (visited)
    Orc: D:9-12

Altars:
Ashenzari
Cheibriados
Dithmenos
Elyvilon
Fedhas
Gozag
Hepliaklqana
Kikubaaqudgha
Makhleb
Nemelex Xobeh
Okawaru
Qazlal
Ru
Sif Muna
Trog
Uskayaw
Vehumet
Wu Jian
Xom
Yredelemnul
Zin
The Shining One

Annotations:
D:5 3 runed translucent doors, hawla's ghost, novice MeFE
D:6 1 runed translucent door, persistantfolly's ghost, novice HuDe


Innate Abilities, Weirdness & Mutations

Your life essence is reduced to manifest your ancestor. (-10% HP)
You cannot be hasted, slowed, berserked, paralysed or teleported.
You can dig through walls and to a lower floor.
You have a pair of large antennae on your head. (SInv)
Your four strong arms can wield two-handed weapons with a shield.


Message History

Ingwe hits the catoblepas with a +0 flail!
The catoblepas breathes a plume of calcifying dust at you.
The blast of calcifying dust hits you!
* * * LOW HITPOINT WARNING * * *
You are engulfed in calcifying dust.
Ingwe hits the catoblepas but does no damage.
The catoblepas breathes a plume of calcifying dust at you.
The blast of calcifying dust hits you.
* * * LOW HITPOINT WARNING * * *
You are engulfed in calcifying dust.
The catoblepas breathes a plume of calcifying dust at you.
The blast of calcifying dust hits you.
* * * LOW HITPOINT WARNING * * *
You turn to flesh and can move again.
You feel much better.
You are engulfed in calcifying dust.
You are slowing down.
Ingwe barely misses the catoblepas.
The catoblepas misses you.
You swap places.
Ingwe hits the catoblepas with a +0 flail.
The catoblepas breathes a plume of calcifying dust at you.
The blast of calcifying dust hits you but does no damage.
Your limbs are stiffening.
The catoblepas gores you.
You have turned to stone.
Ingwe hits the catoblepas with a +0 flail!
The catoblepas gores you!!
* * * LOW HITPOINT WARNING * * *
Ingwe hits the catoblepas with a +0 flail!
The catoblepas barely misses you. The catoblepas gores you!!
* * * LOW HITPOINT WARNING * * *
Ingwe hits the catoblepas with a +0 flail!
The catoblepas breathes a plume of calcifying dust at you.
The blast of calcifying dust hits you but does no damage.
You are engulfed in calcifying dust.
Ingwe hits the catoblepas but does no damage.
The catoblepas breathes a plume of calcifying dust at you.
The blast of calcifying dust hits you.
* * * LOW HITPOINT WARNING * * *
You are engulfed in calcifying dust.
The catoblepas gores you!
You die...

.................#
.................# #
......#.##.......### .##
.......####........###..#
#.....## ##..~.........#
#.....####.≈~~~~.......#
#.....#.#.~~≈≈≈~§......##
#.........~≈≈≈≈≈§.......#
......##..~≈≈≈≈~@......##
......###.≈≈≈≈~.YR†....#
#.....##..~≈≈≈≈~~......#
#.....###..~≈≈≈≈~~.....#
#.....##....~~≈≈≈......##
.............~~~~.......#
#......................##
......................#
...........#.#.##.....#


You could see the friendly Ingwe the knight and a catoblepas (ally target).

Vanquished Creatures
  A boulder beetle (Lair:1)
  A komodo dragon (Lair:1)
  5 blink frogs (Lair:1)
  Grinder (D:4)
  A basilisk (D:8)
  2 wyverns (D:8)
  15 yaks
  A steam dragon (D:7)
  4 water moccasins
  3 orc warriors
  Pargi (Sewer)
  2 hornet zombies (D:6)
  2 black bears
  4 ogres
  A wolf (D:8)
  6 centaurs
  A kobold brigand (D:9)
  A phantom (D:6)
  2 bullfrogs
  A wyvern zombie (D:6)
  2 scorpions
  11 wights
  2 killer bees (D:8)
  A water moccasin skeleton (D:6)
  An electric eel (Lair:1)
  A centaur zombie (D:6)
  2 bullfrog zombies (D:6)
  2 orc priests
  A jelly (D:5)
  A gnoll bouda (D:9)
  3 hounds
  A bullfrog skeleton (D:6)
  2 orc wizards
  5 iguanas (D:5)
  2 howler monkey zombies (D:6)
  11 gnolls
  A howler monkey skeleton (D:6)
  12 adders
  3 river rats (D:5)
  A shadow imp (D:6)
  3 ufetubi
  6 worms
  A dart slug (D:1)
  26 orcs
  6 ball pythons
  7 bats
  5 endoplasms
  4 giant cockroaches
  8 goblins
  7 hobgoblins
  4 jackals (D:2)
  5 quokkas
  7 frilled lizards
  11 kobolds
  8 rats
228 creatures vanquished.

Vanquished Creatures (collateral kills)
  A blink frog (Lair:1)
  A wraith (D:7)
  4 yaks
  2 black bears (D:8)
  2 wolves (D:8)
  2 centaurs
  A kobold brigand (D:8)
  A bullfrog (D:7)
  A wyvern zombie (D:6)
  A water moccasin zombie (D:6)
  3 wights
  A killer bee (D:8)
  2 hounds
  2 gnoll boudas
  An iguana (D:6)
  7 gnolls
  An adder (Sewer)
  5 orcs
  A ball python (Sewer)
39 creatures vanquished.

Vanquished Creatures (others)
  6 knights
  5 ancestors
11 creatures vanquished.

Grand Total: 278 creatures vanquished

Notes
Turn   | Place    | Note
-------+----------+-------------------------------------------
     0 | D:1      | greasedhog the Formicid Hunter began the quest for the Orb.
     0 | D:1      | Reached XP level 1. HP: 16/16 MP: 1/1
   126 | D:1      | Reached XP level 2. HP: 23/23 MP: 2/2
   498 | D:1      | Reached XP level 3. HP: 28/28 MP: 3/3
   796 | D:2      | Reached XP level 4. HP: 35/35 MP: 4/4
   817 | D:2      | Reached skill level 5 in Ranged Weapons
  1169 | D:2      | Reached XP level 5. HP: 41/41 MP: 5/5
  1208 | D:3      | Identified the +3 battleaxe of Luxury {flame, Str+2}
  2334 | D:3      | Found a blossoming altar of Fedhas.
  2660 | D:4      | Noticed Grinder
  2671 | D:4      | Killed Grinder
  2672 | D:4      | Reached skill level 6 in Ranged Weapons
  2672 | D:4      | Reached XP level 6. HP: 39/49 MP: 6/6
  2767 | D:4      | Found an ancient bone altar of Kikubaaqudgha.
  2792 | D:4      | Noticed an ogre
  2837 | D:4      | Killed an ogre
  2838 | D:4      | Reached skill level 7 in Ranged Weapons
  2838 | D:4      | Reached XP level 7. HP: 54/55 MP: 7/7
  2951 | D:4      | Found a staircase to the Ecumenical Temple.
  2983 | Temple   | Entered the Ecumenical Temple
  2988 | Temple   | Became a worshipper of Hepliaklqana the Forgotten
  3260 | D:4      | Reached skill level 5 in Fighting
  3554 | D:5      | Entered Level 5 of the Dungeon
  3856 | D:5      | Found a glowing drain.
  3863 | Sewer    | Entered a sewer
  3900 | Sewer    | Noticed Pargi
  3909 | Sewer    | Killed Pargi
  3910 | Sewer    | Reached skill level 8 in Ranged Weapons
  3910 | Sewer    | Reached XP level 8. HP: 48/64 MP: 8/8
  4006 | Sewer    | Reached * piety under Hepliaklqana
  4594 | D:5      | Reached skill level 9 in Ranged Weapons
  4825 | D:5      | Found a hide-covered altar of Uskayaw.
  5016 | D:5      | Found a runed translucent gate.
  5017 | D:5      | Found a runed translucent gate.
  5018 | D:5      | Found a runed translucent gate.
  5018 | D:5      | Noticed hawla's ghost (novice MeFE)
  5019 | D:5      | Identified the +3 mace of Somewhere Else {holy, *Corrode
                  | rElec rN+ Str+4}
  5022 | D:5      | Identified the +3 plate armour of Failure {Dex+5 Stlth+}
  5371 | D:6      | Reached XP level 9. HP: 62/63 MP: 9/9
  5379 | D:6      | Found a runed translucent door.
  5701 | D:6      | Reached skill level 10 in Ranged Weapons
  5845 | D:6      | Noticed persistantfolly's ghost (novice HuDe)
  6011 | D:6      | Identified a scroll of acquirement
  6014 | D:6      | Acquired the +1 sling "Qiudwuef" {flame, Will+ Str+4 Int-2}
  6589 | D:7      | Reached skill level 11 in Ranged Weapons
  6637 | D:7      | Reached ** piety under Hepliaklqana
  6638 | D:7      | Remembered your ancestor Ingwe as a knight
  6941 | D:7      | Reached XP level 10. HP: 69/69 MP: 10/10
  6959 | D:7      | Reached skill level 5 in Dodging
  7044 | D:7      | Identified the +3 great sword "Jeoczok" {elec, rPois SInv
                  | Stlth+}
  7128 | D:7      | Found an iron altar of Okawaru.
  7279 | D:7      | Found a shadowy altar of Dithmenos.
  7556 | D:8      | Reached skill level 12 in Ranged Weapons
  7620 | D:8      | Identified the +3 rapier "Kaohottik" {heavy, rC+ Will+
                  | Dex+3 SInv}
  8008 | D:8      | Found a staircase to the Lair.
  8092 | D:8      | Reached skill level 13 in Ranged Weapons
  8121 | D:8      | Found a radiant altar of Vehumet.
  8122 | D:8      | Found a shimmering blue altar of Sif Muna.
  8123 | D:8      | Found an ornate altar of the Wu Jian Council.
  8406 | D:8      | Reached XP level 11. HP: 74/74 MP: 11/11
  8614 | D:9      | Reached *** piety under Hepliaklqana
  8958 | D:8      | Reached skill level 14 in Ranged Weapons
  9294 | D:10     | Entered Level 10 of the Dungeon
  9412 | D:10     | Found a shimmering altar of Xom.
  9419 | D:10     | Found a snail-covered altar of Cheibriados.
  9420 | D:10     | Found a broken altar of Ashenzari.
  9424 | D:10     | Found an opulent altar of Gozag.
 10113 | Lair:1   | Entered Level 1 of the Lair of Beasts
 10253 | Lair:1   | Noticed a boulder beetle
 10275 | Lair:1   | Killed a boulder beetle
 10457 | Lair:1   | Reached **** piety under Hepliaklqana
 10475 | Lair:1   | Noticed a catoblepas
 10682 | D:8      | Reached XP level 12. HP: 69/81 MP: 9/12
 10704 | Lair:1   | Slain by a catoblepas

Illustrated notes

Levels and vault maps discovered:
D:1:      roderic_chinese_lattice_arrival, layout_basic
D:2:      layout_rooms, minmay_ruptured
D:3:      layout_loops_corners, fedhas_altar_2, dk_noncrumbling_4,
          hangedman_decor_riveting
D:4:      layout_cave_pods, nicolae_kikubaaqudgha_miasma_corner,
          minmay_temple_entry_slanted, uniq_grinder
D:5:      layout_loops_corners, biasface_ghost_orc_armoury,
          lightli_sewer_entry_pipes, kennysheep_diamond
D:6:      layout_loops_cross, serial_undead, serial_undead_c, serial_undead_b,
          serial_undead_b, serial_undead_b, serial_undead_a, serial_undead_d,
          serial_undead_f, serial_undead_a, ebering_ghost_sewer_d
D:7:      layout_cave_pools, grunt_dithmenos_smoke_and_mirrors,
          lemuel_doored_altar, sword_in_stone
D:8:      layout_basic, chequers_temple_overflow_statue_of_worship,
          minmay_lair_entry_grove
D:9:      layout_rooms, nicolae_sextant
D:10:     layout_loops_cross, mainiacjoe_overflow_alcove_3
Temple:   minmay_freezing_vapour_temple
Lair:1:   layout_chaotic_city, infiniplex_staircase_pool, serial_bayou_shore_a

Skill      XL: |  1  2  3  4  5  6  7  8  9 10 11 |
---------------+----------------------------------+-----
Fighting       | 3 4 5 6 7 |  7.3
Ranged Weapons | 5 6 7 8 9 11 13 14 | 14.9
Dodging        | 2 4 6 8 |  8.4
Stealth        | |  1.2

Action                     |  1- 3 |  4- 6 |  7- 9 | 10-12 || total
---------------------------+-------+-------+-------+-------++-------
   Fire: Shortbow          |    73 |   139 |   266 |       ||   478
         Sling             |       |       |   152 |   533 ||   685
 Invoke: Ancestor Life: Kn |       |       |     1 |       ||     1
Ability: Dig               |       |     1 |       |     2 ||     3
  Evoke: Wand              |       |     5 |     1 |     7 ||    13
    Use: Scroll            |     1 |       |    10 |     6 ||    17
         Potion            |       |     1 |       |     1 ||     2
 Armour: Leather armour    |     9 |    11 |    17 |     1 ||    38
         Steam dragon scal |       |       |       |    14 ||    14
  Dodge: Dodged            |    19 |    83 |   143 |   140 ||   385
  Block: Buckler           |       |    14 |    33 |    21 ||    68
